 Dungeon Crawl Stone Soup version 0.19.1 (webtiles) character file.

144 XO4YCPATb the Changer (level 5, -3/40 HPs)
             Began as a Draconian Transmuter on Dec 10, 2016.
             Killed by divine providence
             ... invoked by an orc priest
              (14 damage)
             ... on level 3 of the Dungeon.
             The game lasted 00:04:45 (2847 turns).

XO4YCPATb the Changer (Draconian Transmuter)        Turns: 2847, Time: 00:04:47

Health: -3/40      AC:  2    Str: 13    XL:     5   Next: 5%
Magic:  1/8        EV: 19    Int: 14    God:
Gold:   196        SH:  0    Dex: 16    Spells: 3 memorised, 2 levels left

rFire  . . .     SeeInvis .       - Unarmed
rCold  . . .     Gourm    .     (armour unavailable)
rNeg   . . .     Faith    .     (shield currently unavailable)
rPois  x         Spirit   .     (helmet currently unavailable)
rElec  .         Reflect  .     (cloak currently unavailable)
rCorr  .         Harm     .     (gloves currently unavailable)
MR     .....                    (boots currently unavailable)
Stlth  +.........               (no amulet)
                                (no ring)
                                (no ring)

@: spider-form
A: unfitting armour, (cold-blooded), AC +5
a: End Transformation


You were on level 3 of the Dungeon.
You were not hungry.
You were a venomous arachnid creature.
You visited 1 branch of the dungeon, and saw 3 of its levels.

You collected 196 gold pieces.

Inventory:

Missiles
 a - 25 arrows
Jewellery
 e - a cursed ring of teleportation {unknown}
Wands
 g - a wand of acid (6/15)
Scrolls
 d - 4 scrolls of identify {unknown}
 k - a scroll of recharging {unknown}
 m - a scroll of fog {unknown}
 o - a scroll of fear {unknown}
 p - a scroll of enchant weapon {unknown}
 r - a scroll of magic mapping {unknown}
 s - a scroll of teleportation {unknown}
Potions
 i - a potion of curing
 l - a potion of flight {unknown}
 n - a potion of mutation {unknown}
 q - a potion of degeneration {unknown}
Books
 b - a book of Changes

   Spells                             Type                      Level
   a - Beastly Appendage              Transmutation                1
   b - Sticks to Snakes               Transmutation                2
   c - Spider Form                    Transmutation/Poison         3
   d - Ice Form                       Ice/Transmutation            4
   e - Blade Hands                    Transmutation                5
Comestibles
 c - 5 bread rations
 f - 3 chunks of flesh
 h - 3 fruits
 j - 2 slices of pizza


   Skills:
 - Level 1.1 Fighting
 - Level 1.7 Dodging
 - Level 3.0 Unarmed Combat
 - Level 2.0 Spellcasting
 + Level 4.1 Transmutations
 - Level 3.0 Poison Magic


You had 2 spell levels left.
You knew the following spells:

 Your Spells              Type           Power        Failure   Level  Hunger
a - Beastly Appendage     Tmut           ##....       14%         1    ##.....
b - Sticks to Snakes      Tmut           ##......     24%         2    ###....
c - Spider Form           Tmut/Pois      ##........   36%         3    ####...


Dungeon Overview and Level Annotations

Branches:
Dungeon (3/15)

Altars:
Fedhas

Annotations:
D:1 Water


Innate Abilities, Weirdness & Mutations

((Your plain brown scales are hard. (AC +5)))
You cannot fit into any form of body armour.
((You are cold-blooded and may be slowed by cold attacks.))


Message History

The orc priest is poisoned.
The orc priest is moderately wounded.
The orc priest hits you with a mace.
* * * LOW HITPOINT WARNING * * *
You hit the orc priest.
The orc priest is moderately wounded.
The orc priest misses you.
You hit the orc priest.
The orc priest looks even sicker.
The orc priest is heavily wounded.
You barely miss the orc priest.
The orc priest is heavily wounded.
The orc priest closely misses you.
A rat comes into view.
You hit the orc priest.
The orc priest looks as sick as possible!
The orc priest is severely wounded.
The rat moves out of view.
The orc priest mumbles some strange prayers to Beogh against you.
Beogh smites you!
You die...

#.# #.# #####.###
####...#...#####
#..))#..........
######.##...#........
.......###....##########
######## #..####))......
######..# #s#
.........####o###
#......#.##.og..#
#.####.>.o#.o...##. ..
...o..............# .#
.#####...#.....#..#
.#...# ##.#......#....
.#.#.# #.#.#..### (##
.#.>.#####....#...# #


You could see an orc priest, an orc wizard, an orc and a hobgoblin.

Vanquished Creatures
  4 adders
  4 gnolls (D:2)
  2 oozes
  2 worms
  A leopard gecko (D:1)
  3 orcs (D:3)
  8 bats
  5 goblins
  3 hobgoblins
  7 jackals
  9 kobolds
  A quokka (D:2)
  4 frilled lizards
  A rat (D:1)
54 creatures vanquished.

Notes
Turn   | Place    | Note
-------+----------+-------------------------------------------
     0 | D:1      | XO4YCPATb the Draconian Transmuter began the quest for the Orb.
     0 | D:1      | Reached XP level 1. HP: 16/16 MP: 3/3
   462 | D:1      | Reached XP level 2. HP: 21/23 MP: 3/5
   474 | D:1      | Learned a level 2 spell: Sticks to Snakes
   561 | D:1      | Reached skill level 3 in Transmutations
  1310 | D:2      | Reached XP level 3. HP: 25/28 MP: 6/6
  1315 | D:2      | Learned a level 3 spell: Spider Form
  1336 | D:2      | Reached skill level 1 in Poison Magic
  1629 | D:2      | Found a blossoming altar of Fedhas.
  1790 | D:2      | Reached XP level 4. HP: 32/35 MP: 1/7
  2671 | D:3      | Found a faded altar of an unknown god.
  2792 | D:3      | Reached skill level 4 in Transmutations
  2809 | D:3      | Reached XP level 5. HP: 35/40 MP: 3/8
  2847 | D:3      | Killed from afar by an orc priest

Skill      XL: |  1  2  3  4 |
---------------+-------------+-----
Transmutations | 3 4 |  4.1
Poison Magic   | 2 3 |  3.0
Fighting       | |  1.1
Dodging        | |  1.7
Unarmed Combat | |  3.0
Spellcasting   | |  2.0

Action                   |  1- 3 |  4- 6 || total
-------------------------+-------+-------++-------
Melee: Unarmed           |   124 |    74 ||   198
       Headbutt          |     5 |       ||     5
       Tailslap          |     7 |     9 ||    16
       Kick              |     2 |       ||     2
       Punch             |       |     1 ||     1
 Cast: Beastly Appendage |     9 |       ||     9
       Sticks to Snakes  |     3 |     1 ||     4
       Spider Form       |     1 |     6 ||     7
 Abil: End Transformatio |       |     1 ||     1
  Use: Potion            |       |     1 ||     1
  Eat: Chunk             |     3 |       ||     3
       Meat ration       |       |     1 ||     1
Armor: Skin              |    56 |    11 ||    67
Dodge: Dodged            |    94 |    61 ||   155
